 Dungeon Crawl Stone Soup version 0.25-a0-426-g7d9e569eea (webtiles) character file.

Game seed: 7952458727602443533, levelgen mode: deterministic

3 Eurus the Conjurer (level 1, 0/13 HPs)
             Began as a Mummy Conjurer on Jan 25, 2020.
             Slain by a hobgoblin (1 damage)
             ... on level 1 of the Dungeon.
             The game lasted 00:00:43 (156 turns).

Eurus the Conjurer (Mummy Conjurer)                  Turns: 156, Time: 00:00:43

Health: 0/13       AC:  2    Str: 11    XL:     1   Next: 41%
Magic:  1/4        EV: 12    Int: 14    God:
Gold:   0          SH:  0    Dex: 12    Spells: 4/5 levels left

rFire    x . .     SeeInvis .   c - +0 mace
rCold    + . .     Gourm    .   (no shield)
rNeg     + + +     Faith    .   a - +0 robe
rPois    ∞         Spirit   .   (no helmet)
rElec    .         Reflect  .   (no cloak)
rCorr    .         Harm     .   (no gloves)
MR       .....                  (no boots)
Stlth    ++........             (no amulet)
HPRegen  0.04/turn              (no ring)
MPRegen  0.09/turn              (no ring)

@: no status effects
A: no food or potions, fire vulnerability, cold resistance 1, negative energy
resistance 3, torment resistance, unbreathing
a: no special abilities


You were on level 1 of the Dungeon.
You were not hungry.

You visited 1 branch of the dungeon, and saw 1 of its levels.

Inventory:

Hand Weapons
 c - a +0 mace (weapon)
Armour
 a - a +0 robe (worn)
Scrolls
 b - a scroll of blinking {unknown}
 d - a scroll of identify {unknown}


   Skills:
 + Level 0.3 Fighting
 - Level 1.5 Dodging
 - Level 1.5 Stealth
 + Level 2.8 Spellcasting
 + Level 3.3 Conjurations


You had 4 spell levels left.
You knew the following spells:

 Your Spells              Type           Power        Failure   Level  Hunger
a - Magic Dart            Conj           ##..         5%          1    N/A

Your spell library contained the following spells:

 Spells                   Type           Power        Failure   Level  Hunger
 Searing Ray              Conj           ##....       9%          2    N/A
 Dazzling Flash           Conj/Hex       #.....       32%         3    N/A
 Fulminant Prism          Conj/Hex       #.........   73%         4    N/A
 Iskenderun's Mystic Bla  Conj/Tloc      #.......     73%         4    N/A

Dungeon Overview and Level Annotations

Branches:
Dungeon (1/15)

Altars:


Innate Abilities, Weirdness & Mutations

You do not eat or drink.
Your flesh is vulnerable to fire.
You are immune to poison.
Your flesh is cold resistant. (rC+)
You are immune to negative energy. (rN+++)
You are immune to unholy pain and torment.
You can survive without breathing.


Message History

The hobgoblin throws a stone.
The stone closely misses you.
The hobgoblin throws a stone.
The stone misses you.
The hobgoblin throws a stone.
The stone hits you but does no damage.
You see here a stone.
The hobgoblin throws a stone.
The stone closely misses you.
The hobgoblin throws a stone.
The stone closely misses you.
There is a large open door here.
The hobgoblin throws a stone.
The stone closely misses you.
The hobgoblin throws a stone.
The stone barely misses you. The hobgoblin hits you.
The hobgoblin barely misses you.
There is a large open door here.
You hit the hobgoblin but do no damage.
The hobgoblin is heavily wounded.
The hobgoblin hits you. x2; The hobgoblin closely misses you.
You hit the hobgoblin.
The hobgoblin is severely wounded.
The hobgoblin hits you.
* * * LOW HITPOINT WARNING * * *
The hobgoblin hits you.
You die...

##[........###...##.# .
#...........##....#.# .
##.((.((......#....#.##.
+8.....<.....!.....†....
#+............#....#.#..
#.(...(.....##....#.##.
##....(..).###...##.# .
####8'8#### #####.## .
##@## . . #.....gg....#
#. . #≈§≈.....§≈≈# .# .
###§≈≈≈≈≈≈### ####+####


You could see 2 hobgoblins.

Vanquished Creatures
  A leopard gecko (D:1)
  A frilled lizard (D:1)
  A kobold (D:1)
3 creatures vanquished.

Notes
Turn   | Place    | Note
-------+----------+-------------------------------------------
     0 | D:1      | Eurus the Mummy Conjurer began the quest for the Orb.
     0 | D:1      | Reached XP level 1. HP: 13/13 MP: 4/4
   156 | D:1      | Slain by a hobgoblin

Levels and vault maps discovered:
D:1:      dpeg_arrival_morbid_curiosity, layout_rooms

Action                   || total
-------------------------++-------
Melee: Mace              ||     2
 Cast: Magic Dart        ||    12
Armor: Robe              ||     3
Dodge: Dodged            ||    10

Table legend:
 A = Non-vault XP
 B = Vault XP
 C = Vault XP percentage of total XP
 D = Non-vault monster count
 E = Vault monster count
 F = Vault count percentage of total count
                 A         B        C        D         E       F
            +---------+---------+-------+---------+---------+-------
      Total |       4 |       1 |  20.0 |       2 |       1 |  33.3
            +---------+---------+-------+---------+---------+-------
        D:1 |       4 |       1 |  20.0 |       2 |       1 |  33.3
            +---------+---------+-------+---------+---------+-------
